 Dungeon Crawl Stone Soup version 0.25-a0-306-g3faca94 (webtiles) character file.

Game seed: 1607386180730281721, levelgen mode: deterministic

268 Birdy the Firebug (level 6, -9/41 HPs)
             Began as a Demonspawn Fire Elementalist on Dec 19, 2019.
             Mangled by an ogre
             ... wielding a +0 giant club
              (14 damage)
             ... on level 4 of the Dungeon on Dec 20, 2019.
             The game lasted 00:09:39 (3780 turns).

Birdy the Firebug (Demonspawn Fire Elementalist)    Turns: 3780, Time: 00:09:39

Health: -9/41      AC:  3    Str: 13    XL:     6   Next: 1%
Magic:  6/10       EV: 14    Int: 18    God:
Gold:   228        SH:  0    Dex: 13    Spells: 10/11 levels left

rFire    . . .     SeeInvis .   d - +1 dagger
rCold    + . .     Gourm    .   (no shield)
rNeg     . . .     Faith    .   a - +0 robe
rPois    .         Spirit   .   (no helmet)
rElec    .         Reflect  .   (no cloak)
rCorr    .         Harm     .   e - +0 pair of gloves
MR       .....                  (no boots)
Stlth    ++........             (no amulet)
HPRegen  0.13/turn              m - ring of protection from cold
MPRegen  0.12/turn              n - +4 ring of strength

@: about to teleport
A: hooves 2, repulsion field 1, spiny 1
a: no special abilities


You were on level 4 of the Dungeon.
You were not hungry.

You visited 1 branch of the dungeon, and saw 4 of its levels.

You collected 228 gold pieces.

Inventory:

Hand Weapons
 d - a +1 dagger (weapon)
Armour
 a - a +0 robe (worn)
 e - a +0 pair of gloves (worn)
 o - a +0 ring mail
Jewellery
 m - a ring of protection from cold (left hand)
 n - a +4 ring of strength (right hand)
Wands
 q - a wand of flame (21)
Scrolls
 b - 2 scrolls of remove curse
 f - a scroll of fog {unknown}
 g - 4 scrolls of identify
 h - a scroll of enchant weapon
 i - 2 scrolls of blinking {unknown}
 l - a scroll of fear {unknown}
 r - a scroll of enchant armour {unknown}
Potions
 k - 2 potions of magic {unknown}
Comestibles
 c - 8 rations


   Skills:
 - Level 1.7 Dodging
 - Level 1.7 Stealth
 + Level 3.1 Spellcasting
 * Level 3.7 Conjurations
 * Level 4.4 Fire Magic


You had 10 spell levels left.
You knew the following spells:

 Your Spells              Type           Power        Failure   Level  Hunger
a - Foxfire               Conj/Fire      ###.         3%          1    None

Your spell library contained the following spells:

 Spells                   Type           Power        Failure   Level  Hunger
 Magic Dart               Conj           ###.         3%          1    None
 Conjure Flame            Conj/Fire      ###.....     9%          3    ###....
 Inner Flame              Hex/Fire       ##......     21%         3    ###....
 Blink                    Tloc           N/A          24%         2    ##.....
 Call Imp                 Summ           #.......     24%         2    ##.....
 Slow                     Hex            #.......     24%         2    ##.....
 Mephitic Cloud           Conj/Pois/Air  #.......     28%         3    ###....
 Sticky Flame             Conj/Fire      ###.....     30%         4    ####...
 Fireball                 Conj/Fire      ###.......   63%         5    ######.


Dungeon Overview and Level Annotations

Branches:
Dungeon (4/15)
 Temple: D:4-7

Altars:
Cheibriados
Dithmenos
Hepliaklqana
Okawaru
Trog
Uskayaw
Vehumet
Xom
Yredelemnul
Zin

Annotations:
D:4 Sigmund


Innate Abilities, Weirdness & Mutations

You have hoof-like feet.
You are surrounded by a mild repulsion field. (EV +2)
You are partially covered in sharp spines.


Message History

You conjure some foxfire!
The foxfire hits the ogre.
The ogre is lightly wounded.
The foxfire hits the ogre.
The ogre is lightly wounded.
The foxfire hits the ogre.
The ogre is lightly wounded.
Casting: Foxfire (safe; 3% risk of failure)
Confirm with . or Enter, or press ? or * to list all spells.
You conjure some foxfire!
The ogre is struck by your spines.
The ogre hits you with a +0 giant club!!
Ouch! That really hurt!
* * * LOW HITPOINT WARNING * * *
The foxfire hits the adder skeleton.
The adder skeleton is moderately damaged.
Unknown command.
As you read the scroll of teleportation, it crumbles to dust.
You feel strangely unstable.
The foxfire hits the ogre.
The ogre is heavily wounded.
The ogre is struck by your spines. The ogre hits you with a +0 giant club!
You die...

##### #...#
##########...############
.............'...........
.............#.##.#####.
.#########...#.##.#.Z
.............#.##.#.#
#.######.......##.#.###...
#..# #.+........@O......#
##.###.#......###Z......#
##..##.#####+## #.......#
.....#.# #......##
###..#.# #......# # #..#.#
#......# # ##.#.##.....#
#......# # #...##..?..#
#....... # #...##.....#


You could see an ogre and an adder skeleton.

Vanquished Creatures
  A hound (D:4)
  A bullfrog skeleton (D:3)
  An orc wizard (D:4)
  2 worker ants
  7 adders
  2 oozes
  A worm (D:4)
  A leopard gecko (D:2)
  4 orcs
  A ball python (D:3)
  A giant cockroach (D:2)
  10 goblins
  5 hobgoblins
  4 jackals (D:3)
  A quokka (D:3)
  5 bats
  6 frilled lizards
  5 kobolds
  10 rats
68 creatures vanquished.

Vanquished Creatures (others)
  192 foxfires
192 creatures vanquished.

Grand Total: 260 creatures vanquished

Notes
Turn   | Place    | Note
-------+----------+-------------------------------------------
     0 | D:1      | Birdy the Demonspawn Fire Elementalist began the quest for
                  | the Orb.
     0 | D:1      | Reached XP level 1. HP: 13/13 MP: 3/3
   373 | D:1      | Reached skill level 3 in Fire Magic
   373 | D:1      | Gained mutation: You have large cloven feet. [demonic
                  | ancestry]
   373 | D:1      | Reached XP level 2. HP: 19/19 MP: 0/5
   528 | D:1      | You fall into a shaft and drop 1 floor!
   800 | D:2      | Noticed a +0 dagger
   800 | D:2      | Noticed a +0 hand axe
  1077 | D:2      | Found a hide-covered altar of Uskayaw.
  1365 | D:2      | Found a snail-covered altar of Cheibriados.
  1410 | D:3      | Reached XP level 3. HP: 24/24 MP: 3/6
  2395 | D:3      | Gained mutation: You are partially covered in sharp spines.
                  | [demonic ancestry]
  2395 | D:3      | Reached XP level 4. HP: 26/30 MP: 2/7
  2513 | D:3      | Found a glowing silver altar of Zin.
  2515 | D:3      | Found a basalt altar of Yredelemnul.
  2516 | D:3      | Found a hazy altar of Hepliaklqana.
  2517 | D:3      | Found a bloodstained altar of Trog.
  2517 | D:3      | Found a shimmering altar of Xom.
  2519 | D:3      | Found a shadowy altar of Dithmenos.
  2519 | D:3      | Found a radiant altar of Vehumet.
  2577 | D:3      | Upgraded the game from 0.25-a0-299-gced51cc to
                  | 0.25-a0-306-g3faca94
  2883 | D:3      | Gained mutation: You have hoof-like feet. [demonic
                  | ancestry]
  2883 | D:3      | Reached XP level 5. HP: 21/35 MP: 1/9
  2974 | D:3      | Found an iron altar of Okawaru.
  3326 | D:4      | Reached skill level 4 in Fire Magic
  3501 | D:4      | Noticed Sigmund
  3508 | D:4      | Gained mutation: You are surrounded by a mild repulsion
                  | field. (EV +2) [demonic ancestry]
  3508 | D:4      | Reached XP level 6. HP: 10/41 MP: 2/10
  3780 | D:4      | Mangled by an ogre

Levels and vault maps discovered:
D:1:      dpeg_arrival_pits, layout_loops_corners
D:2:      layout_basic, lemuel_doored_altar, dancing_weapons_uskayaw,
          dk_noncrumbling_4, minmay_pentomino_r2
D:3:      layout_loops_cross, kennysheep_okawaru_gauntlet,
          grunt_temple_overflow_open, serial_rivers,
          chequers_serial_rivers_room_a, chequers_serial_rivers_small_a,
          chequers_serial_rivers_micro_e, chequers_serial_rivers_micro_e,
          chequers_serial_rivers_small_3, chequers_serial_rivers_small_3
D:4:      layout_basic, kennysheep_mini_moat, first_ration, roderic_lattice_a,
          uniq_sigmund

Skill      XL: |  1  2  3  4  5 |
---------------+----------------+-----
Fire Magic     | 3 4 |  4.4
Conjurations   | 2 3 |  3.7
Spellcasting   | 3 |  3.1
Dodging        | |  1.7
Stealth        | |  1.7

Action                   |  1- 3 |  4- 6 || total
-------------------------+-------+-------++-------
Melee: Dagger            |    37 |    10 ||    47
       Kick              |     8 |     4 ||    12
 Cast: Foxfire           |    67 |    64 ||   131
  Use: Potion            |     6 |       ||     6
       Scroll            |     5 |     2 ||     7
  Eat: Chunk             |     2 |     4 ||     6
       Ration            |     1 |       ||     1
Armor: Robe              |    12 |     3 ||    15
Dodge: Dodged            |    45 |    14 ||    59

Table legend:
 A = Non-vault XP
 B = Vault XP
 C = Vault XP percentage of total XP
 D = Non-vault monster count
 E = Vault monster count
 F = Vault count percentage of total count
                 A         B        C        D         E       F
            +---------+---------+-------+---------+---------+-------
      Total |     373 |      11 |   2.9 |      65 |       3 |   4.4
            +---------+---------+-------+---------+---------+-------
        D:1 |      17 |       0 |   0.0 |       9 |       0 |   0.0
        D:2 |      31 |       7 |  18.4 |      14 |       1 |   6.7
        D:3 |     158 |       4 |   2.5 |      32 |       2 |   5.9
        D:4 |     167 |       0 |   0.0 |      10 |       0 |   0.0
            +---------+---------+-------+---------+---------+-------
